 Dungeon Crawl Stone Soup version 0.22.1-1-ga44c0e56f4 (webtiles) character file.

5372 PikkenKukken the Martial Artist (level 10, -2/56 HPs)
             Began as an Octopode Transmuter on Oct 3, 2018.
             Was an Initiate of Gozag.
             Slain by a mana viper (shapeshifter) (18 damage)
             ... on level 8 of the Dungeon.
             The game lasted 01:05:29 (13354 turns).

PikkenKukken the Martial Artist (OpTm)             Turns: 13354, Time: 01:05:31

Health: -2/56      AC:  1    Str: 10    XL:     10   Next: 66%
Magic:  14/16      EV: 23    Int: 24    God:    Gozag
Gold:   1375       SH:  0    Dex: 17    Spells: 2/17 levels left

rFire    . . .     SeeInvis +     - Unarmed
rCold    . . .     Gourm    .   (shield currently unavailable)
rNeg     . . .     Faith    .   (helmet restricted)
rPois    .         Spirit   .   (no amulet)
rElec    .         Reflect  .   m - ring of see invisible
rCorr    .         Harm     .   a - ring of wizardry
MR       .....                  (no ring)
Stlth    +++++.....             (no ring)
HPRegen  0.18/turn              (no ring)
MPRegen  0.15/turn              (no ring)
                                (no ring)
                                (no ring)

@: brilliant, agile, blade tentacles, hasted, very quick
A: almost no armour, stealthy swim, amphibious, 8 rings, constrict 8, beak,
camouflage 1, frail 1, gelatinous body 1
a: End Transformation, Potion Petition, Call Merchant, Bribe Branch, Renounce
Religion


You were on level 8 of the Dungeon.
You worshipped Gozag.
Gozag was most pleased with you.
You were not hungry.
You had blades for tentacles.
You visited 2 branches of the dungeon, and saw 9 of its levels.
You also visited: Ossuary.

You collected 1434 gold pieces.
You paid 59 gold pieces to Gozag.

Inventory:

Hand Weapons
 b - a +0 hunting sling
Missiles
 d - 35 poisoned needles
 k - 3 silver tomahawks (quivered)
 n - 13 arrows
 o - 250 stones
Armour
 r - a +0 buckler (melded)
Jewellery
 a - a ring of wizardry (right scythe-like blade)
 m - a ring of see invisible (left scythe-like blade)
Wands
 q - a wand of random effects (42)
 s - a wand of paralysis (20)
Scrolls
 j - 5 scrolls of remove curse
 l - a scroll of amnesia
 p - a scroll of teleportation
 w - a scroll of immolation
 B - a scroll of enchant armour {unknown}
Potions
 e - a potion of mutation
 f - a potion of ambrosia
 g - a potion of flight
 h - 2 potions of curing
 i - a potion of berserk rage
 t - a potion of brilliance
 u - a potion of heal wounds
 v - a potion of invisibility
 x - a potion of might {unknown}
 z - 2 potions of haste
 A - a potion of lignification {unknown}
Comestibles
 c - 6 rations


   Skills:
 - Level 4.0 Fighting
 - Level 7.0 Dodging
 + Level 4.2 Stealth
 - Level 4.1 Shields
 * Level 8.8 Unarmed Combat
 - Level 4.0 Spellcasting
 - Level 8.1 Transmutations
 - Level 2.1 Ice Magic


You had 2 spell levels left.
You knew the following spells:

 Your Spells              Type           Power        Failure   Level  Hunger
a - Beastly Appendage     Tmut           ######       1%          1    None
b - Sticks to Snakes      Tmut           ######..     1%          2    #......
c - Spider Form           Tmut/Pois      #####.....   4%          3    ##.....
d - Ice Form              Ice/Tmut       #####...     7%          4    ####...
e - Blade Hands           Tmut           ######....   6%          5    ######.

Your spell library contained the following spells:

 Spells                   Type           Power        Failure   Level  Hunger


Dungeon Overview and Level Annotations

Branches:
Dungeon (8/15)             Temple (1/1) D:4
   Lair: D:8-11

Altars:
Dithmenos
Elyvilon
Fedhas
Gozag
Hepliaklqana
Kikubaaqudgha
Sif Muna
Vehumet
Wu Jian
Yredelemnul
The Shining One

Annotations:
D:8 Joseph


Innate Abilities, Weirdness & Mutations

You cannot wear most types of armour.
You are very stealthy in the water. (Stealth+)
You are amphibious.
You can wear up to eight rings at the same time.
You can use your tentacles to constrict eight enemies at once.
Your skin changes colour to match your surroundings (Stealth+).
Your rubbery body absorbs attacks. (AC +1, EV +1)
You have a beak for a mouth.
You are frail. (-10% HP)


Message History

An orc wizard comes into view. It is wielding an enchanted dagger.
Items here: $ ))) [ 33 gold pieces; a dagger of electrocution; a short sword; an enchanted glaive an animal skin A mana viper comes into view.
The wolf is no longer distracted by gold.
The wolf closely misses you.
The orc wizard mumbles some strange words.
The orc wizard blinks!
The mana viper hisses angrily.
You slash the wolf! Your grab misses the wolf.
The wolf is severely wounded.
The wolf bites you!
You barely miss the mana viper. You grab the mana viper.
You peck the mana viper, but do no damage.
You constrict the mana viper. The wolf bites you!
* * * LOW HITPOINT WARNING * * *
The mana viper bites you!!
You die...
Your body crumbles into a pile of gold.

#########.##..#########
###.......#.###.#
...........###.# 5
#'#####.##.##.#### .o ##.#
#.##.#.##..# #### ..h #...#
#.##.#.#.#.# #... #..
##..#o.###..#.##.##.# #.##
.##Zo##..
#..##h...####.#####.#
#Z...'..##
##..S@##.###.#.#....#
#..###..##$##.#..##.#######
##..#.$###$##.#.##..#......
#..#.o.#..#.##.###.#########
#).##.##.|#.##.###_##....#
#####'#####.##.#.###.###.###
#...#.)#..#.##....##........
##..#....##.####..##..#####.
#.........#.# #..##..#####.


You could see a mana viper, a wolf and an orc wizard.

Vanquished Creatures
  A hippogriff (D:7)
  Grinder (D:4)
  A human (D:7)
  Grum (D:8)
  4 hogs (D:7)
  Menkaure (D:4)
  Edmund (D:3)
  2 acid dragons (D:8)
  Duvessa (D:6)
  A water moccasin (D:6)
  4 slaves (D:3)
  3 sky beasts
  4 ogres
  A necrophage (D:8)
  A centaur (D:5)
  A phantom (D:8)
  3 wolves (D:8)
  Blork the orc (D:4)
  4 bullfrogs
  A gnoll sergeant (D:8)
  Dowan (D:6)
  A water moccasin skeleton (D:8)
  4 scorpions (D:4)
  9 killer bees
  3 wights (D:8)
  A howler monkey (D:4)
  2 crimson imps
  2 centaur zombies
  2 jellies
  A bullfrog skeleton (D:6)
  2 hounds
  2 human zombies (Ossuary)
  3 orc priests
  Crazy Yiuf (D:7)
  2 orc wizards
  2 centaur skeletons
  Ijyb (D:4)
  Natasha (thrice) (D:3)
  An iguana (D:6)
  5 worker ants
  A big kobold zombie (Ossuary)
  2 hound zombies (Ossuary)
  A hound skeleton (D:4)
  3 mummies (Ossuary)
  A worker ant zombie (D:5)
  Robin (D:2)
  9 gnolls
  A howler monkey skeleton (D:6)
  8 adders
  2 oozes
  An adder zombie (Ossuary)
  A worm (D:4)
  4 dart slugs
  2 leopard geckos
  10 orcs
  7 giant cockroaches
  2 gnoll zombies (Ossuary)
  9 hobgoblins
  6 jackals (D:4)
  5 kobolds
  2 quokkas
  A ball python (D:5)
  6 bats
  4 frilled lizards
  19 goblins
  9 goblin zombies
  2 hobgoblin zombies (Ossuary)
  5 jackal zombies (Ossuary)
  3 kobold zombies (Ossuary)
  A leopard gecko zombie (D:6)
  A quokka skeleton (D:4)
  6 quokka zombies (Ossuary)
  4 rats
  A rat zombie (Ossuary)
225 creatures vanquished.

Vanquished Creatures (collateral kills)
  A goblin (D:3)
  A hobgoblin (D:1)
2 creatures vanquished.

Vanquished Creatures (others)
  3 plants (D:8)
3 creatures vanquished.

Grand Total: 230 creatures vanquished

Notes
Turn   | Place    | Note
-------+----------+-------------------------------------------
     0 | D:1      | PikkenKukken the Octopode Transmuter began the quest for
                  | the Orb.
     0 | D:1      | Reached XP level 1. HP: 13/13 MP: 3/3
   169 | D:1      | Reached XP level 2. HP: 14/18 MP: 3/5
   225 | D:1      | Learned a level 2 spell: Sticks to Snakes
   733 | D:2      | Noticed Robin
   930 | D:2      | Reached XP level 3. HP: 21/23 MP: 0/6
   965 | D:2      | Killed Robin
  1764 | D:2      | Reached XP level 4. HP: 28/28 MP: 5/7
  2077 | D:2      | Found a blossoming altar of Fedhas.
  2465 | D:3      | Noticed Natasha
  2473 | D:3      | Killed Natasha
  2593 | D:3      | Noticed Natasha
  2602 | D:3      | Killed Natasha
  2602 | D:3      | Reached XP level 5. HP: 22/33 MP: 4/8
  2734 | D:3      | Noticed Natasha
  2754 | D:3      | Killed Natasha
  2754 | D:3      | Reached skill level 5 in Transmutations
  2889 | D:3      | Noticed a phantom
  3178 | D:3      | Learned a level 3 spell: Spider Form
  3244 | D:4      | Reached XP level 6. HP: 36/38 MP: 5/9
  3313 | D:4      | Found a staircase to the Ecumenical Temple.
  3319 | D:4      | Noticed Menkaure
  3324 | Temple   | Entered the Ecumenical Temple
  3418 | Temple   | Became a worshipper of Gozag Ym Sagoz the Greedy
  3751 | D:4      | Killed Menkaure
  4034 | D:4      | Noticed Blork the orc
  4108 | D:4      | Killed Blork the orc
  4108 | D:4      | Reached XP level 7. HP: 31/43 MP: 4/10
  4235 | D:4      | Reached skill level 5 in Unarmed Combat
  4483 | D:4      | Reached skill level 5 in Dodging
  4671 | D:4      | Noticed Grinder
  4680 | D:4      | Killed Grinder
  4680 | D:4      | Reached XP level 8. HP: 24/54 MP: 7/11
  4892 | D:4      | Learned a level 4 spell: Ice Form
  5474 | D:5      | Entered Level 5 of the Dungeon
  5557 | D:5      | Reached skill level 1 in Ice Magic
  5669 | D:5      | Noticed Edmund
  6197 | D:3      | Killed Edmund
  6839 | D:5      | Gained mutation: You are frail. (-10% HP) [potion of
                  | mutation]
  6839 | D:5      | Gained mutation: You have a beak for a mouth. [potion of
                  | mutation]
  6839 | D:5      | Gained mutation: You are clumsy. (Dex -2) [potion of
                  | mutation]
  6839 | D:5      | Gained mutation: You evolve. [potion of mutation]
  7155 | D:5      | Lost mutation: You are clumsy. (Dex -2) [evolution]
  7155 | D:5      | Lost mutation: You evolve. [end of evolution]
  7632 | D:6      | Reached XP level 9. HP: 48/52 MP: 13/15
  8091 | D:6      | Noticed Duvessa
  8091 | D:6      | Noticed Dowan
  8102 | D:6      | Killed Duvessa
  8107 | D:6      | Killed Dowan
  8387 | D:4      | Noticed Ijyb
  8401 | D:4      | Killed Ijyb
  8401 | D:4      | Reached skill level 1 in Shields
  9676 | D:7      | Learned a level 5 spell: Blade Hands
  9745 | D:7      | Found a runed door.
  9750 | D:7      | Noticed Crazy Yiuf
  9755 | D:7      | Killed Crazy Yiuf
 10125 | D:7      | Reached XP level 10. HP: 23/56 MP: 16/16
 10408 | D:8      | Found a sand-covered staircase.
 10438 | Ossuary  | Entered an ossuary
 12481 | D:8      | Reached skill level 1 in Stealth
 12809 | D:8      | Found a hazy altar of Hepliaklqana.
 12916 | D:8      | Noticed Joseph
 13311 | D:8      | Noticed Grum
 13341 | D:8      | Killed Grum
 13352 | D:8      | Noticed a mana viper
 13354 | D:8      | Slain by a mana viper (shapeshifter)

Skill      XL: |  1  2  3  4  5  6  7  8  9 10 |
---------------+-------------------------------+-----
Transmutations | 3 4 5 7 8 |  8.1
Dodging        | 3 4 5 6 7 |  7.0
Unarmed Combat | 4 5 6 8 |  8.8
Fighting       | 3 4 |  4.0
Ice Magic      | 2 |  2.1
Spellcasting   | 4 |  4.0
Shields        | 4 |  4.1
Stealth        | 4 |  4.2

Action                   |  1- 3 |  4- 6 |  7- 9 | 10-12 || total
-------------------------+-------+-------+-------+-------++-------
Melee: Unarmed           |    69 |    69 |   301 |   181 ||   620
       Kick              |    15 |    13 |    22 |    16 ||    66
       Constrict         |    20 |    14 |    25 |    31 ||    90
       Tentacles         |    10 |    10 |    16 |    20 ||    56
       Peck              |       |       |    16 |    21 ||    37
       Punch             |       |       |     2 |     5 ||     7
 Fire: Hunting sling     |       |       |    95 |    99 ||   194
Throw: Tomahawk          |       |     2 |     3 |       ||     5
 Cast: Beastly Appendage |    22 |    12 |    16 |    10 ||    60
       Sticks to Snakes  |     5 |     6 |     2 |     1 ||    14
       Spider Form       |       |     6 |    19 |       ||    25
       Ice Form          |       |       |     5 |     4 ||     9
       Blade Hands       |       |       |     1 |    15 ||    16
Invok: Potion Petition   |       |       |       |     1 ||     1
  Use: Scroll            |     4 |     2 |    10 |     2 ||    18
       Potion            |       |       |     2 |     3 ||     5
 Stab: Sleeping          |     2 |     1 |     1 |     2 ||     6
       Distracted        |       |     1 |       |     4 ||     5
  Eat: Chunk             |     3 |     7 |       |       ||    10
       Ration            |       |     1 |     6 |     5 ||    12
Armor: Skin              |     3 |     1 |    28 |    16 ||    48
Dodge: Dodged            |    40 |    38 |   213 |   123 ||   414
Block: Buckler           |       |       |       |    14 ||    14
